 Dungeon Crawl Stone Soup version 0.21-a0-113-g6841d05 (webtiles) character file.

1383 Lianjan the Firebug (level 8, 0/94 HPs)
             Began as a Demigod Fire Elementalist on July 12, 2017.
             Slain by a soul eater (4 damage)
             ... summoned by a deep elf mage
             ... on level 6 of the Dungeon.
             The game lasted 00:23:29 (8290 turns).

Lianjan the Firebug (Demigod Fire Elementalist)     Turns: 8290, Time: 00:23:30

Health: 0/94       AC:  6    Str: 16    XL:     8   Next: 17%
Magic:  15/17      EV: 12    Int: 26    God:
Gold:   286        SH:  3    Dex: 21    Spells: 2/15 levels left

rFire    . . .     SeeInvis .   n - +0 flail (drain)
rCold    . . .     Gourm    .   (no shield)
rNeg     . . .     Faith    .   a - +0 robe
rPois    .         Spirit   .   D - +1 helmet
rElec    .         Reflect  +   H - +0 cloak
rCorr    .         Harm     .   h - +0 pair of gloves
MR       .....                  (no boots)
Stlth    ..........             l - +3 amulet of reflection
HPRegen  0.25/turn              G - +5 ring of dexterity
MPRegen  0.15/turn              I - +3 ring of intelligence

@: berserking, about to teleport, heavily drained, very quick
A: high mp 1
a: no special abilities


You were on level 6 of the Dungeon.
You were not hungry.

You visited 1 branch of the dungeon, and saw 6 of its levels.
You also visited: Sewer.

You collected 286 gold pieces.

Inventory:

Hand Weapons
 g - a +0 club
 k - a +2 shortbow of velocity
 n - a +0 flail of draining (weapon)
 q - a +0 club
Missiles
 d - 155 stones (quivered)
 e - 90 sling bullets
 w - 96 arrows
 y - a throwing net
Armour
 a - a +0 robe (worn)
 f - a +0 ring mail
 h - a +0 pair of gloves (worn)
 j - a +0 leather armour
 D - a +1 helmet (worn)
 H - a +0 cloak (worn)
Jewellery
 i - an uncursed amulet of guardian spirit
 l - a +3 amulet of reflection (around neck)
 G - a +5 ring of dexterity (left hand)
 I - a +3 ring of intelligence (right hand)
Wands
 z - a wand of random effects (12/48)
 C - a wand of polymorph (21/24)
 J - a wand of clouds (3/9)
 O - a wand of acid (4/15)
Scrolls
 m - 4 scrolls of teleportation
 t - 5 scrolls of identify
 L - 3 scrolls of amnesia {unknown}
Potions
 p - 3 potions of might {unknown}
 r - 8 potions of curing {unknown}
 s - 6 potions of agility {unknown}
 u - a potion of degeneration {unknown}
 A - 3 potions of flight {unknown}
 E - 2 potions of heal wounds {unknown}
 F - a potion of brilliance {unknown}
 K - a potion of lignification {unknown}
 M - a potion of invisibility {unknown}
Books
 b - a book of Flames

   Spells                             Type                      Level
   a - Flame Tongue                   Conjuration/Fire             1
   b - Throw Flame                    Conjuration/Fire             2
   c - Conjure Flame                  Conjuration/Fire             3
   d - Inner Flame                    Hexes/Fire                   3
   e - Sticky Flame                   Conjuration/Fire             4
   f - Fireball                       Conjuration/Fire             5
 B - a book of Geomancy

   Spells                             Type                      Level
   a - Sandblast                      Earth                        1
   b - Passwall                       Transmutation/Earth          2
   c - Stone Arrow                    Conjuration/Earth            3
   d - Petrify                        Transmutation/Earth          4
   e - Lee's Rapid Deconstruction     Earth                        5
Comestibles
 c - 3 bread rations
 v - a meat ration
 x - a royal jelly
 N - 3 chunks of flesh


   Skills:
 + Level 3.4(2.2) Fighting
 + Level 2.0(0.9) Dodging
 - Level 1.7(0.6) Stealth
 + Level 4.1(2.9) Spellcasting
 + Level 4.8(3.5) Conjurations
 - Level 5.0(3.7) Fire Magic
 + Level 3.5(2.3) Evocations


You had 2 spell levels left.
You knew the following spells:

 Your Spells              Type           Power        Failure   Level  Hunger
a - Flame Tongue          Conj/Fire      ###..        1%          1    None
b - Throw Flame           Conj/Fire      ###...       3%          2    ##.....
c - Conjure Flame         Conj/Fire      ###.....     6%          3    ###....
d - Sticky Flame          Conj/Fire      ###.....     21%         4    ####...
e - Inner Flame           Hex/Fire       ##......     13%         3    ###....


Dungeon Overview and Level Annotations

Branches:
Dungeon (6/15)             Temple (0/1) D:5


Innate Abilities, Weirdness & Mutations

You have an increased reservoir of magic. (+10% MP)


Message History

The redback is engulfed in noxious fumes.
The redback appears confused.
The redback is engulfed in noxious fumes.
The redback appears confused.
The deep elf mage is engulfed in noxious fumes.
The soul eater draws from the surrounding life force!
* * * LOW HITPOINT WARNING * * *
As you read the scroll of teleportation, it crumbles to dust.
You feel strangely unstable.
The redback is engulfed in noxious fumes.
The redback appears confused.
The deep elf mage is engulfed in noxious fumes.
The deep elf mage appears confused.
The soul eater hits you.
* * * LOW HITPOINT WARNING * * *
You feel drained.
The redback is engulfed in noxious fumes.
The redback appears confused.
A red film seems to cover your vision as you go berserk!
You feel yourself moving faster!
You feel mighty! The soul eater hits you.
You die...

.. .. ##. ..
########.# ........)#
###########).# #8.
#.s........)## ##..
#..§@.....).# #_..
#§§3######8.# #. #..
#§§§+.......# #. #8.
#es.+.......####.# ##
#§§$+........##..####
#+++######8.[##......
..........##....>.
..........##.....#
##########..##....##


You could see a soul eater, a deep elf mage (confused) and 2 redbacks.

Vanquished Creatures
  A water moccasin (D:5)
  An ice beast (D:5)
  An ogre (D:4)
  A centaur (D:5)
  2 big kobolds (Sewer)
  Blork the orc (D:5)
  A howler monkey (D:5)
  A hound (D:6)
  2 orc priests (D:4)
  A jelly (D:5)
  Jessica (D:3)
  A bullfrog skeleton (D:5)
  4 orc wizards
  Natasha (thrice) (D:2)
  An iguana (D:5)
  A hound skeleton (D:4)
  10 gnolls
  8 adders
  6 river rats
  An ooze (D:3)
  An adder skeleton (D:5)
  3 worms
  A leopard gecko (D:2)
  22 orcs
  12 bats
  7 giant cockroaches
  6 goblins
  7 hobgoblins
  10 jackals
  A quokka (D:4)
  9 ball pythons
  7 frilled lizards
  24 kobolds
  2 quokka skeletons (D:4)
  A quokka zombie (D:5)
  25 rats
186 creatures vanquished.

Notes
Turn   | Place    | Note
-------+----------+-------------------------------------------
     0 | D:1      | Lianjan the Demigod Fire Elementalist began the quest for the Orb.
     0 | D:1      | Reached XP level 1. HP: 14/14 MP: 5/5
    47 | D:1      | Reached skill level 1 in Conjurations
   686 | D:1      | Reached XP level 2. HP: 17/20 MP: 1/7
  1146 | D:1      | Learned a level 2 spell: Throw Flame
  1426 | D:2      | Reached XP level 3. HP: 21/26 MP: 1/8
  1581 | D:2      | Noticed Natasha
  1586 | D:2      | Killed Natasha
  1911 | D:2      | Reached XP level 4. HP: 16/33 MP: 1/10
  2018 | D:1      | Learned a level 3 spell: Conjure Flame
  2857 | D:2      | Noticed Natasha
  2863 | D:2      | Killed Natasha
  2863 | D:2      | Reached XP level 5. HP: 39/39 MP: 3/11
  3258 | D:2      | Noticed Natasha
  3264 | D:2      | Killed Natasha
  3264 | D:2      | Reached skill level 1 in Fighting
  3264 | D:2      | Reached skill level 3 in Fire Magic
  3873 | D:3      | Noticed Jessica
  3904 | D:3      | Killed Jessica
  4148 | D:3      | Reached skill level 1 in Evocations
  4148 | D:3      | Reached XP level 6. HP: 39/47 MP: 8/13
  4189 | D:3      | Learned a level 4 spell: Sticky Flame
  4685 | D:4      | Found a glowing silver altar of Zin.
  5072 | D:4      | Reached skill level 4 in Fire Magic
  5589 | D:4      | Reached XP level 7. HP: 55/55 MP: 10/15
  5605 | D:4      | Found a glowing golden altar of the Shining One.
  5697 | D:4      | Found a white marble altar of Elyvilon.
  5822 | D:4      | Found a basalt altar of Yredelemnul.
  5849 | D:5      | Entered Level 5 of the Dungeon
  5930 | D:5      | Found a staircase to the Ecumenical Temple.
  5971 | D:5      | Found a shadowy altar of Dithmenos.
  5993 | D:5      | Reached skill level 5 in Fire Magic
  6053 | D:5      | Found a glowing drain.
  6072 | Sewer    | Entered a sewer
  7218 | D:5      | Learned a level 3 spell: Inner Flame
  7575 | D:5      | Reached XP level 8. HP: 63/63 MP: 11/17
  7583 | D:5      | Noticed Blork the orc
  7589 | D:5      | Killed Blork the orc
  8170 | D:6      | Found a stormy altar of Qazlal.
  8173 | D:6      | Found a deep blue altar of Sif Muna.
  8283 | D:6      | Noticed a deep elf mage
  8287 | D:6      | Noticed a soul eater
  8289 | D:6      | HP: 3/63 [soul eater[a deep elf mage] (5)]
  8290 | D:6      | Slain by a soul eater

Vault maps used:
D:1:      minmay_arrival_cross
D:2:      kennysheep_big_empty_room, uniq_natasha
D:3:      first_bread, kennysheep_generic_room_13, uniq_jessica
D:4:      kennysheep_ying_yang, lemuel_doored_altar, tso_metal_star
D:5:      lemuel_round_altar, minmay_temple_entry_butterflies,
          portal_sewer_entry_e, minmay_strange_pillars, minivault_11,
          uniq_blork_the_orc
D:6:      nicolae_overflow_hidden_temple, guppyfry_early_elven_hall
Sewer:    sewer_minmay_treatment

Skill      XL: |  1  2  3  4  5  6  7  8 |
---------------+-------------------------+-----
Conjurations   | 2 3 4 |  4.8
Spellcasting   | 2 3 4 |  4.1
Fighting       | 1 2 3 |  3.4
Fire Magic     | 3 4 5 |  5.0
Evocations     | 1 3 |  3.5
Dodging        | 2 |  2.0
Stealth        | |  1.7

Action                   |  1- 3 |  4- 6 |  7- 9 || total
-------------------------+-------+-------+-------++-------
Melee: Unarmed           |    11 |       |       ||    11
       Club              |       |     2 |       ||     2
       Flail             |       |     6 |    17 ||    23
Throw: Stone             |    14 |    32 |     3 ||    49
 Cast: Flame Tongue      |    74 |   111 |    88 ||   273
       Conjure Flame     |       |    13 |     7 ||    20
       Throw Flame       |       |    38 |    43 ||    81
Evoke: Wand              |       |       |     2 ||     2
  Use: Scroll            |       |       |    11 ||    11
       Potion            |       |       |     1 ||     1
  Eat: Chunk             |     4 |    12 |     7 ||    23
       Royal jelly       |       |     1 |     1 ||     2
Armor: Robe              |     7 |     7 |     7 ||    21
Dodge: Dodged            |    16 |    23 |    24 ||    63
Block: Other             |     8 |     1 |     3 ||    12
       Reflection        |     1 |     1 |     1 ||     3
